AoeStats
← Gregory176144

Arabia

510482764Analyzed
1v1 RM · 11h ago on Oct 1, 2026· 31m 24s· 2 players
Game mode
Random Map
Map size
Tiny (2 player)
Population
200
Speed
Normal
Resources
Standard
Victory
Conquest
Starting age
Dark Age
Ending age
Imperial Age
RankedLock teamsTeams togetherTeam positionsShared explorationLock speedFull tech treeHidden civsTurbo modeCheats
Victory
Defeat
🇦🇷 Chinese · Argentina
1356
+14
🇦🇷 Spanish · Argentina
1317
-14
El caminante
6:52 Loom
9:21 Feudal Age
10:12 Double-Bit Axe
13:33 Fletching
13:45 Horse Collar
17:45 Town Watch
21:41 Castle Age
20:58 Stone Mining
22:19 Bodkin Arrow
29:21 Bow Saw
Gregory176144
0:28 Loom
8:17 Feudal Age
8:55 Double-Bit Axe
15:21 Wheelbarrow
18:01 Castle Age
16:18 Stone Mining
18:27 Town Watch
18:33 Gold Mining
19:19 Stone Shaft Mining
18:56 Bow Saw
22:44 Fletching
31:19 Imperial Age
29:12 Gold Mining
30:10 Ballistics
29:55 Bodkin Arrow
31:02 Gold Shaft Mining
31:37 Padded Archer Armor
Connection lost

Rejoining the realm…

Still unreachable

The connection could not be restored.

Session expired

The server has moved on; the page needs a fresh start.